AoeStats
← 看到我请提醒我去学习

Nomad

509358399Analyzed
2v2 RM · 6d ago on Sep 26, 2026· 33m 21s· 4 players
Game mode
Random Map
Map size
176×176
Population
200
Speed
Normal
Resources
Standard
Victory
Conquest
Starting age
Dark Age
Ending age
Imperial Age
RankedLock teamsTeams togetherTeam positionsShared explorationLock speedFull tech treeHidden civsTurbo modeCheats
Victory
Defeat
🇨🇳 Spanish · China
818
+10
731
+13
🇹🇷 Spanish · Türkiye
677
-12
🇮🇹 Britons · Italy
651
-11
看到我请提醒我去学习
14:59 Feudal Age
17:04 Double-Bit Axe
18:11 Forging
20:39 Castle Age
19:56 Fletching
21:51 Bow Saw
21:23 Horse Collar
21:31 Loom
22:58 Scale Barding Armor
24:28 Scale Mail Armor
25:29 Gold Mining
27:17 Wheelbarrow
28:20 Town Watch
28:50 Hand Cart
28:20 Elite Skirmisher
30:17 Hand Cart
30:29 Heavy Plow
33:05 Bodkin Arrow
清风与我
3:24 Loom
12:32 Feudal Age
12:41 Man-at-Arms
13:49 Double-Bit Axe
14:47 Wheelbarrow
28:11 Castle Age
26:21 Gold Mining
26:22 Stone Mining
28:11 Horse Collar
30:22 Hand Cart
33:39 Scale Barding Armor
cive
16:29 Feudal Age
17:11 Double-Bit Axe
17:09 Horse Collar
18:45 Gold Mining
18:47 Stone Mining
22:35 Man-at-Arms
24:10 Scale Mail Armor
28:14 Forging
SwaggeR
14:44 Feudal Age
16:46 Double-Bit Axe
18:51 Loom
21:40 Castle Age
30:25 Stone Mining
32:37 Wheelbarrow
Connection lost

Rejoining the realm…

Still unreachable

The connection could not be restored.

Session expired

The server has moved on; the page needs a fresh start.